 Dungeon Crawl Stone Soup version 0.29-a0-330-g52719c12eb (webtiles) character file.

Game seed: 12696128892332130691

891 v38m2y69t the Cudgeller (level 7, -1/58 HPs)
             Began as a Palentonga Fighter on Apr 26, 2022.
             Slain by a bullfrog (4 damage)
             ... on level 7 of the Dungeon.
             The game lasted 00:27:23 (4322 turns).

v38m2y69t the Cudgeller (Palentonga Fighter)        Turns: 4322, Time: 00:27:23

Health: -1/58      AC: 16    Str: 20    XL:     7   Next: 78%
Magic:  7/7        EV:  8    Int:  8    God:
Gold:   212        SH:  5    Dex: 18    Spells: 6/6 levels left

rFire   + . .      SeeInvis +   p - +5 mace of Integrity {vorpal, rF+ Will- Dex+7}
rCold   . . .      Faith    .   c - +0 buckler
rNeg    . . .      Spirit   .   b - +0 scale mail
rPois   .          Reflect  .   f - +0 helmet
rElec   .          Harm     .   (no cloak)
rCorr   .          Rampage  .   m - +0 pair of gloves
Will    .....                   (no barding)
Stlth   ..........              (no amulet)
HPRegen 0.19/turn               i - +4 ring of slaying
MPRegen 0.10/turn               (no ring)

@: curled up
A: large, rugged brown scales 3, see invisible, deformed body, roll 1, armoured
tail, reflexive curl
a: Rolling Charge


You were on level 7 of the Dungeon.
You visited 1 branch of the dungeon, and saw 7 of its levels.

You collected 212 gold pieces.

Inventory:

Hand Weapons
 a - a +0 flail
 n - a +0 hunting sling
 p - the +5 mace of Integrity (weapon) {vorpal, rF+ Will- Dex+7}
   (You found it on level 2 of the Dungeon)

   It inflicts extra damage upon your enemies.
   Dex:       It affects your dexterity (+7).
   rF:        It protects you from fire.
   Will:      It decreases your willpower.
 q - a +1 mace of holy wrath
 z - a +4 spear of venom
 C - the +3 spear of Mytzi {spect, rC- rCorr Str-2 SInv}
   (You found it on level 4 of the Dungeon)

   When its wielder attacks, the weapon's spirit leaps out and strikes again.
   The spirit shares a part of any damage it takes with its wielder.
   Str:       It affects your strength (-2).
   rC:        It makes you vulnerable to cold.
   SInv:      It lets you see invisible.
   rCorr:     It protects you from acid and corrosion.
Missiles
 k - 17 poisoned darts (quivered)
 y - a throwing net
Armour
 b - a +0 scale mail (worn)
 c - a +0 buckler (worn)
 f - a +0 helmet (worn)
 g - a +0 robe
 m - a +0 pair of gloves (worn)
Jewellery
 i - a +4 ring of slaying (left hand)
Wands
 F - a wand of polymorph (2)
Scrolls
 e - a scroll of enchant armour {unknown}
 h - 2 scrolls of enchant weapon {unknown}
 j - 4 scrolls of identify {unknown}
 l - 3 scrolls of teleportation {unknown}
 r - a scroll of fear {unknown}
 v - a scroll of summoning {unknown}
 B - a scroll of fog {unknown}
 D - a scroll of magic mapping {unknown}
 E - a scroll of vulnerability {unknown}
Potions
 d - a potion of might
 o - 4 potions of curing
 s - a potion of attraction {unknown}
 t - a potion of magic {unknown}
 u - 2 potions of resistance {unknown}
 w - a potion of brilliance {unknown}
 x - a potion of lignification {unknown}
 A - a potion of haste {unknown}


   Skills:
 + Level 4.9 Fighting
 + Level 5.1 Maces & Flails
 + Level 1.0 Throwing
 + Level 4.6 Armour
 + Level 1.1 Dodging
 + Level 0.5 Stealth
 + Level 3.4 Shields
 + Level 0.3 Unarmed Combat


You had 6 spell levels left.
You didn't know any spells.
Your spell library contained the following spells:

 Spells                   Type           Power      Damage    Failure   Level
 Animate Skeleton         Necr           0%         N/A       82%         1
 Pain                     Necr           0%         1d4       82%         1
 Blink                    Tloc           0%         N/A       91%         2
 Conjure Flame            Conj/Fire      0%         6-21      99%         3
 Ignite Poison            Fire/Tmut/Pois 0%         N/A       99%         3
 Vampiric Draining        Necr           0%         2d6       99%         3
 Sticky Flame             Conj/Fire      0%         2d3       100%        4
 Fireball                 Conj/Fire      0%         3d3       100%        5
 Manifold Assault         Tloc           0%         N/A       100%        5
 Starburst                Conj/Fire      0%         6d3       100%        6
 Storm Form               Tmut/Air       0%         N/A       100%        7
 Ignition                 Fire           0%         3d3       100%        8


Dungeon Overview and Level Annotations

Branches:
Dungeon (8/15)
 Temple: D:4-7         Lair: D:8-11

Altars:
Hepliaklqana
Vehumet

Shops:
D:3 ?   D:4 =

Annotations:
D:2 1 runed translucent door, Crazy Yiuf
D:5 Blork the orc, Grinder


Innate Abilities, Weirdness & Mutations

You are completely covered in rugged brown scales. (AC +3, +7% HP)
You have supernaturally acute eyesight. (SInv)
Armour fits poorly on your strangely shaped body.
You can roll at nearby foes to attack.
You have a long armoured tail.
You curl defensively after being hit. (AC +7*)


Message History

The orc priest looks satisfied for a moment.
The orc priest mumbles some strange prayers to Beogh against you.
Beogh smites you!
You hear a loud, deep croak!
You can move again.
You sock the orc priest!
You kill the orc priest!
A bullfrog comes into view.
You barely miss the orc priest.
The bullfrog croaks.
The orc priest looks satisfied for a moment.
The orc priest hits you with a +0 short sword.
* * * LOW HITPOINT WARNING * * *
The orc wizard casts a spell.
The orc wizard flickers and vanishes for a moment.
You block the orc's attack.
The orc priest attacks as you move away!
You block the orc priest's attack. The orc attacks as you move away!
The orc hits you but does no damage.
You see here a +0 great sword.
The orc priest attacks as you move away!
The orc priest closely misses you.
A scorpion comes into view.
The orc hits you but does no damage.
The orc priest attacks as you move away!
You block the orc priest's attack.
The orc priest looks encouraged for a moment.
You sock the orc!
You kill the orc!
You hit the bullfrog. You tail-slap the bullfrog!
The bullfrog is almost dead.
The bullfrog hits you.
* * * LOW HITPOINT WARNING * * *
The orc priest invokes the aid of Beogh against you.
Beogh smites you!
* * * LOW HITPOINT WARNING * * *
The bullfrog attacks as you move away!
The bullfrog hits you but does no damage.
The bullfrog hits you.
You die...

#.## #........# #... .......#
#######.. # .....######.
#........s#.##..........
............s...........
#.#...........)oo####<..o.....o#
#.#.....#.######)###### .......
#.#...#.......###F....##......
#.#.............@............
#.##.#........###.....###...#
#.#...........# #.....# #..# .#
#.####........###.....####..#..#
#.#..#...........†...#.........#
#.#...)..D....######.#......#..#
#.##......#.#.#..........##.#..#
#.........#...#.......)........#
#########§########.......##....#


You could see a bullfrog.

Vanquished Creatures
  A steam dragon (D:7)
  An ice beast (D:7)
  An ogre (D:4)
  A gnoll sergeant (D:4)
  2 necrophages
  3 scorpions
  An orc priest (D:7)
  2 iguanas (D:7)
  2 orc wizards
  An adder (D:2)
  5 gnolls
  A worm (D:3)
  2 dart slugs
  9 orcs
  A bat (D:1)
  4 endoplasms
  A giant cockroach (D:4)
  3 goblins (D:4)
  A hobgoblin (D:1)
  2 quokkas
  4 ball pythons
  4 frilled lizards
  2 kobolds (D:4)
  A rat (D:1)
55 creatures vanquished.

Notes
Turn   | Place    | Note
-------+----------+-------------------------------------------
     0 | D:1      | v38m2y69t the Palentonga Fighter began the quest for the
                  | Orb.
     0 | D:1      | Reached XP level 1. HP: 19/19 MP: 1/1
   185 | D:2      | Reached XP level 2. HP: 25/25 MP: 2/2
  1479 | D:2      | Found a runed translucent door.
  1482 | D:2      | Noticed Crazy Yiuf
  1491 | D:2      | Identified the +5 mace of Integrity {vorpal, rF+ Will-
                  | Dex+7}
  1756 | D:3      | Found a radiant altar of Vehumet.
  2069 | D:3      | Reached XP level 3. HP: 29/31 MP: 3/3
  2085 | D:3      | Found Riept's Magic Scroll Emporium.
  2113 | D:3      | Found a hazy altar of Hepliaklqana.
  2457 | D:4      | Noticed a scorpion
  2476 | D:3      | Killed a scorpion
  2477 | D:3      | Reached skill level 3 in Maces & Flails
  2477 | D:3      | Reached XP level 4. HP: 14/39 MP: 4/4
  2852 | D:4      | Noticed an ogre
  3160 | D:4      | Reached XP level 5. HP: 38/44 MP: 5/5
  3235 | D:4      | Killed an ogre
  3316 | D:4      | Reached skill level 4 in Maces & Flails
  3316 | D:4      | Reached XP level 6. HP: 33/51 MP: 6/6
  3638 | D:4      | Identified the +3 spear of Mytzi {spect, rC- rCorr Str-2
                  | SInv}
  3647 | D:4      | Found Piumotok's Jewellery Shop.
  3830 | D:5      | Entered Level 5 of the Dungeon
  3862 | D:5      | Noticed Blork the orc
  3862 | D:5      | Noticed Grinder
  3889 | D:5      | You fall into a shaft and drop 3 floors!
  4175 | D:7      | Gained mutation: You curl defensively after being hit. (AC
                  | +7*) [Palentonga growth]
  4175 | D:7      | Reached XP level 7. HP: 51/58 MP: 7/7
  4277 | D:7      | Noticed a steam dragon
  4291 | D:7      | Killed a steam dragon
  4292 | D:7      | Reached skill level 5 in Maces & Flails
  4292 | D:7      | Reached skill level 1 in Throwing
  4292 | D:7      | Reached skill level 1 in Dodging
  4309 | D:7      | Paralysed by an orc priest for 6 turns
  4322 | D:7      | Slain by a bullfrog

Illustrated notes

Levels and vault maps discovered:
D:1:      beargit_arrival_diablo_church, layout_basic, minivault_23
D:2:      layout_loops_ring, uniq_crazy_yiuf_cottage
D:3:      layout_basic, overflow_temple_1_default,
          worldfamousw_hep_ancestral_shrine, serial_shops, nicolae_shop_crystal
D:4:      layout_rooms, serial_shops, shop
D:5:      layout_basic, mainiacjoe_overflow_brackets, uniq_grinder, uniq_edmund,
          uniq_sigmund, uniq_blork_the_orc, uniq_eustachio
D:7:      layout_basic, enter_bailey_6, lemuel_flame_loot_1, uniq_maggie
D:8:      layout_rooms, grunt_dithmenos_shadows,
          nicolae_wu_jian_immortal_techniques, grunt_gozag_breadcrumbs,
          minmay_diamond_spiral

Skill      XL: |  1  2  3  4  5  6  7 |
---------------+----------------------+-----
Maces & Flails | 3 4 5 |  5.1
Armour         | 3 4 |  4.6
Fighting       | 4 |  4.9
Shields        | 3 |  3.4
Throwing       | 1 |  1.0
Dodging        | 1 |  1.1
Stealth        | |  0.5
Unarmed Combat | |  0.3

Action                   |  1- 3 |  4- 6 |  7- 9 || total
-------------------------+-------+-------+-------++-------
Melee: Flail             |    67 |       |       ||    67
       Tailslap          |     5 |     2 |     3 ||    10
       Mace              |     2 |    45 |    12 ||    59
       Unarmed           |       |       |     6 ||     6
Throw: Dart              |       |     7 |       ||     7
 Abil: Rolling Charge    |       |     1 |     3 ||     4
  Use: Potion            |       |     1 |       ||     1
Armor: Scale mail        |    40 |    17 |     6 ||    63
Dodge: Dodged            |    25 |    14 |    10 ||    49
Block: Buckler           |    14 |    16 |     5 ||    35

Table legend: (Time is in decaauts)
 A = Elapsed time spent in this place.
 B = Non-inter-level travel time spent in this place.
 C = Inter-level travel time spent in this place.
 D = Time resting spent in this place.
 E = Time spent auto-exploring this place.
 F = Levels seen in this place.
 G = Mean time per level.
                   A        B        C        D        E       F      G
               +--------+--------+--------+--------+--------+-----+--------+
         Total |   4360 |   4193 |    167 |    831 |   1602 |   7 |  622.9 |
       Dungeon |   4360 |   4193 |    167 |    831 |   1602 |   7 |  622.9 |
               +--------+--------+--------+--------+--------+-----+--------+

Top non-repeatable levels by time:
     D:3: 1452 daAuts
     D:1: 950 daAuts
     D:2: 798 daAuts
     D:4: 665 daAuts
     D:8: 270 daAuts
     D:7: 164 daAuts
     D:5: 60 daAuts
